 Dungeon Crawl Stone Soup version 0.31-a0-986-g5e6e4ef867 (webtiles) character file.

Game seed: 1009020631553973521

8855 Firecrotchwizard the Grappler (level 11, -20/110 HPs)
             Began as a Troll Shapeshifter on Nov 16, 2023.
             Was an Initiate of Gozag.
             Killed from afar by Fannar (37 damage)
             ... with a bolt of cold
             ... on level 1 of the Lair of Beasts.
             The game lasted 00:26:30 (8868 turns).

Firecrotchwizard the Grappler (Troll Shapeshifter)  Turns: 8868, Time: 00:26:31

Health: -20/110    AC:  5    Str: 28    XL:     11   Next: 15%
Magic:  10/10      EV:  8    Int:  6    God:    Gozag
Gold:   465        SH: 15    Dex:  9    Spells: 10/10 levels left

rFire   . .          .
                       - Unarmed
rCold   . . .        z - +2 kite shield {rN+}
rNeg    + + .        a - +1 animal skin
rPois   .            (helmet currently unavailable)
rElec   .            (cloak currently unavailable)
rCorr   +            (gloves unavailable)
SInv    .            (boots unavailable)
Will    .....        C - amulet of reflection
Stlth   +            e - ring of Ygeunkae {rCorr Slay+4}
HPRegen 1.18/turn    k - ring of positive energy
MPRegen 0.12/turn

%: reflection
@: beast-form
A: beast (slay +4), large, unfitting armour, claws 3, regeneration 1, shaggy fur
1, tough skin 1
a: Begin Untransformation, Renounce Religion, Potion Petition, Call Merchant,
Bribe Branch


You were on level 1 of the Lair of Beasts.
You worshipped Gozag.
Gozag was aware of your devotion.
You were a hulking beast.
You visited 3 branches of the dungeon, and saw 12 of its levels.
You also visited: Ossuary.

You collected 1227 gold pieces.
You spent 682 gold pieces at shops.
You paid 80 gold pieces to Gozag.

Inventory:

Hand Weapons
 A - a +1 battleaxe of flaming
Missiles
 B - 2 throwing nets {@!f}
Armour
 a - a +1 animal skin (worn)
 z - a +2 kite shield of positive energy (worn)
Jewellery
 e - the ring of Ygeunkae (left claw) {rCorr Slay+4}
   (You acquired it on level 5 of the Dungeon)

   [ring of resist corrosion]

   Slay+4:    It affects your accuracy & damage with ranged weapons and melee
   (+4).
   rCorr:     It protects you from acid and corrosion.
 k - a ring of positive energy (right claw)
 C - an amulet of reflection (around neck)
 D - a ring of willpower
Talismans
 d - a flux talisman
Wands
 E - a wand of flame (4)
Scrolls
 c - 2 scrolls of vulnerability
 f - 3 scrolls of poison
 g - 2 scrolls of blinking
 i - 6 scrolls of identify
 t - 7 scrolls of teleportation
 y - 2 scrolls of enchant armour
Potions
 b - a potion of lignification
 h - 3 potions of enlightenment
 j - a potion of cancellation {unknown}
 l - 9 potions of curing
 m - a potion of mutation {unknown}
 n - a potion of ambrosia {unknown}
 o - 4 potions of haste
 p - a potion of berserk rage {unknown}
 q - 2 potions of resistance
 r - 3 potions of attraction
 s - 3 potions of might
 u - 2 potions of magic
 w - 2 potions of heal wounds
 x - 2 potions of brilliance {unknown}


   Skills:
 + Level 7.7 Fighting
 - Level 1.5 Dodging
 + Level 4.4 Shields
 - Level 11.1 Unarmed Combat
 + Level 8.9 Shapeshifting


You had 10 spell levels left.
You didn't know any spells.
Your spell library contained the following spells:

 Spells                   Type           Power      Damage    Failure   Level
 Apportation              Tloc           0%         N/A       67%         1
 Necrotise                Necr           0%         1d4       67%         1
 Sandblast                Erth           0%         2d4       67%         1
 Shock                    Conj/Air       0%         1d3       67%         1
 Summon Small Mammal      Summ           0%         N/A       67%         1
 Lesser Beckoning         Tloc           0%         N/A       82%         2
 Passwall                 Tmut/Erth      0%         N/A       82%         2
 Gell's Gravitas          Tloc           0%         N/A       96%         3
 Stone Arrow              Conj/Erth      0%         3d7       96%         3
 Swiftness                Air            0%         N/A       96%         3
 Teleport Other           Tloc           0%         N/A       96%         3
 Volatile Blastmotes      Fire/Tloc      0%         2d10      96%         3
 Airstrike                Air            0%         2d(0-16)  100%        4
 Brom's Barrelling Bould  Conj/Erth      0%         2d3       100%        4
 Fulminant Prism          Conj/Hex       0%         3d5       100%        4
 Iskenderun's Mystic Bla  Conj/Tloc      0%         2d3       100%        4


Dungeon Overview and Level Annotations

Branches:
Dungeon (10/15)            Temple (1/1) D:5            Lair (1/5) D:9
Ossuary (visited)
    Orc: D:9-12

Altars:
Ashenzari
Cheibriados
Dithmenos
Elyvilon
Fedhas
Gozag
Hepliaklqana
Kikubaaqudgha
Makhleb
Nemelex Xobeh
Okawaru
Qazlal
Ru
Sif Muna
Trog
Uskayaw
Vehumet
Wu Jian
Xom
Yredelemnul
Zin
The Shining One

Shops:
D:2 ?   D:8 =(:*[

Portals:
Abyss: D:6

Annotations:
D:6 2 transporters, BlueFish's ghost, novice OpSh
D:8 Maurice
Lair:1 Fannar


Innate Abilities, Weirdness & Mutations

You are a hulking beast.
Your limbs bulge with bestial killing power. (Slay +4)
You are too large for most types of armour.
You have claws for hands.
Your natural rate of healing is unusually fast.
You are covered in fur. (AC +1)
You have tough skin. (AC +1)


Message History

You kill the bullfrog!
No target in view!
You now have 432 gold pieces (gained 7).
A wolf comes into view. 2 wolves come into view.
The wolf howls! x3
The wolf moves out of view.
You claw the wolf!
The wolf is severely wounded.
The wolf bites you!
You mangle the wolf!!
You kill the wolf!
You mangle the wolf!!
The wolf is almost dead.
The wolf bites you! The wolf completely misses you.
You barely miss the wolf.
The wolf is almost dead.
The wolf bites you but does no damage.
You closely miss the wolf.
The wolf is almost dead.
You block the wolf's attack. The wolf barely misses you.
You eviscerate the wolf!!!
You kill the wolf!
You scratch the wolf.
The wolf is lightly wounded.
The wolf bites you. x2
You closely miss the wolf.
The wolf is lightly wounded.
You block the wolf's attack.
You mangle the wolf!!
You kill the wolf!
No target in view!
You now have 448 gold pieces (gained 16).
i - 6 scrolls of identify (gained 1)
Found 8 stones.
No target in view!
You see here 8 stones.
Found a stone staircase leading down.
There is a stone staircase leading down here.
You now have 465 gold pieces (gained 17).
Fannar the Cold-Hearted comes into view.
They are wielding a +0 quarterstaff of freezing and wearing a +2 robe of cold resistance.
Found a potion of heal wounds.
Fannar mumbles some strange words.
Aiming: Paralyse
Press: ? - help, Shift-Dir - straight line, f - Fannar
Aim: Fannar, wielding a +0 quarterstaff of freezing, wearing a +2 robe of cold resistance and wearing a ring of ice (chance to affect: 7%) Fannar resists with almost no effort.
Fannar gestures at you while chanting. The bolt of cold hits you!!
Aiming: Paralyse
Press: ? - help, Shift-Dir - straight line, f/p - Fannar
Aim: Fannar, wielding a +0 quarterstaff of freezing, wearing a +2 robe of cold resistance and wearing a ring of ice (chance to affect: 7%) Fannar resists with almost no effort.
The now-empty wand crumbles to dust.
There are monsters nearby!
Okay, then.
Unknown command.
Okay, then.
You mangle Fannar!!
Fannar is heavily wounded.
You block Fannar's attack.
You scratch Fannar.
Fannar is heavily wounded.
You mangle the ice beast!!
You kill the ice beast!
The ice beast disappears in a puff of smoke!
Fannar gestures at you while chanting. The bolt of cold misses you.
You claw Fannar!
Fannar is severely wounded.
Fannar gestures at you while chanting. The bolt of cold hits you!!!
* * * LOW HITPOINT WARNING * * *
You miss Fannar.
Fannar is severely wounded.
You block Fannar's attack.
Unknown command.
You barely miss Fannar.
Fannar is severely wounded.
Fannar hits you with a +0 quarterstaff of freezing.
* * * LOW HITPOINT WARNING * * *
Fannar freezes you.
* * * LOW HITPOINT WARNING * * *
You claw Fannar!
Fannar is almost dead.
Fannar gestures at you while chanting. The bolt of cold hits you!!
* * * LOW HITPOINT WARNING * * *
Unknown command.
You barely miss Fannar.
Fannar is almost dead.
Fannar casts a spell at you. The bolt of cold hits you!
* * * LOW HITPOINT WARNING * * *
Unknown command.
You claw Fannar!
Fannar is almost dead.
Fannar gestures at you while chanting. The bolt of cold hits you!!!
You die...
Your body crumbles into a pile of gold.

### ###
#######.####.####
#.............he#
##.##.P#########..#
#.>##### .!... ##
##.## ....... .. .
#..# .####.. #..##
#.## ## . .... #.#
#.# #.# #.. ##.##
#..


You could see Fannar.

Vanquished Creatures
  A two-headed ogre (D:5)
  A cane toad (Lair:1)
  A komodo dragon (Lair:1)
  4 blink frogs (Lair:1)
  A wraith (D:6)
  6 yaks
  4 wyverns
  A basilisk (D:9)
  A shadow (D:6)
  A steam dragon (D:9)
  Duvessa (D:5)
  6 water moccasins
  6 orc warriors
  An ice beast (D:5)
  A black bear (D:9)
  2 ogres
  6 wolves
  A centaur (D:7)
  A phantom (D:6)
  2 kobold brigands (D:8)
  6 bullfrogs
  8 wights
  4 scorpions
  3 water moccasin zombies (Ossuary)
  Dowan (D:5)
  6 killer bees
  A jelly (D:5)
  3 howler monkeys
  2 hounds
  4 orc priests
  A sleepcap (D:7)
  8 orc wizards
  5 iguanas
  3 mummies
  7 gnolls
  9 adders
  A white imp (D:7)
  2 ufetubi (D:5)
  4 adder zombies (Ossuary)
  2 worms
  A dart slug (D:5)
  50 orcs
  7 endoplasms
  4 giant cockroaches
  3 goblins
  12 hobgoblins
  5 jackals
  15 kobolds
  2 quokkas
  8 ball pythons
  9 bats
  5 frilled lizards
  2 gnoll zombies (Ossuary)
  6 hobgoblin zombies (Ossuary)
  6 kobold zombies
  4 orc zombies
  8 rats
275 creatures vanquished.

Notes
Turn   | Place    | Note
-------+----------+-------------------------------------------
     0 | D:1      | Firecrotchwizard the Troll Shapeshifter began the quest for
                  | the Orb.
     0 | D:1      | Reached XP level 1. HP: 18/18 MP: 0/0
    83 | D:1      | Reached skill level 1 in Fighting
    88 | D:1      | Reached XP level 2. HP: 27/27 MP: 1/1
   605 | D:1      | Reached XP level 3. HP: 33/33 MP: 2/2
   912 | D:2      | Reached skill level 4 in Unarmed Combat
  1017 | D:2      | Found The Oracle's Delphic Readings.
  1021 | D:2      | Reached XP level 4. HP: 41/41 MP: 3/3
  1058 | D:2      | Bought a scroll of teleportation for 30 gold pieces
  1467 | D:3      | Found a burning altar of Makhleb.
  1595 | D:3      | Found a shimmering blue altar of Sif Muna.
  1634 | D:3      | Reached XP level 5. HP: 43/49 MP: 4/4
  1687 | D:3      | Found a stormy altar of Qazlal.
  2303 | D:4      | Found an ancient bone altar of Kikubaaqudgha.
  2340 | D:4      | Reached skill level 5 in Unarmed Combat
  2533 | D:4      | Found a glowing golden altar of the Shining One.
  2782 | D:4      | Found an opulent altar of Gozag.
  2813 | D:4      | Reached XP level 6. HP: 50/59 MP: 5/5
  3192 | D:5      | Entered Level 5 of the Dungeon
  3201 | D:5      | Identified a scroll of acquirement
  3201 | D:5      | Acquired the ring of Ygeunkae {rCorr Slay+4}
  3226 | D:5      | Noticed a two-headed ogre
  3226 | D:5      | Found Abuf's Neck Hole.
  3375 | D:5      | Killed a two-headed ogre
  3376 | D:5      | Reached skill level 7 in Unarmed Combat
  3376 | D:5      | Reached skill level 5 in Shapeshifting
  3376 | D:5      | Reached XP level 7. HP: 68/68 MP: 6/6
  3456 | D:5      | Found a blossoming altar of Fedhas.
  3467 | D:5      | Reached XP level 8. HP: 75/78 MP: 7/7
  3477 | D:5      | Noticed Duvessa
  3481 | D:5      | Noticed Dowan
  3485 | D:5      | Killed Duvessa
  3493 | D:5      | Killed Dowan
  3712 | D:5      | Found a staircase to the Ecumenical Temple.
  3837 | D:5      | Reached skill level 8 in Unarmed Combat
  4076 | D:6      | Found a one-way gate to the infinite horrors of the Abyss.
  4076 | D:6      | Noticed BlueFish's ghost (novice OpSh)
  4370 | D:6      | Noticed a white ugly thing
  4391 | D:6      | Noticed a hellwing
  4397 | D:6      | Reached XP level 9. HP: 79/87 MP: 8/8
  4420 | D:6      | Found a transporter.
  4426 | D:6      | Found a transporter.
  4430 | D:6      | Reached skill level 9 in Unarmed Combat
  4440 | D:6      | Reached skill level 5 in Fighting
  4617 | D:6      | Found a bloodstained altar of Trog.
  4697 | Temple   | Entered the Ecumenical Temple
  4770 | D:4      | Became a worshipper of Gozag Ym Sagoz the Greedy
  5261 | D:7      | Found a sand-covered staircase.
  5267 | Ossuary  | Entered an ossuary
  5507 | D:7      | Reached skill level 10 in Unarmed Combat
  5788 | D:7      | Found a sacrificial altar of Ru.
  5903 | D:7      | Identified the +2 leather armour of Knowledge {rElec Will-
                  | Str-3 Dex+8}
  6257 | D:8      | You fall into a shaft and drop 1 floor!
  6464 | D:8      | Found Tuymaotu's General Store.
  6471 | D:8      | Reached XP level 10. HP: 97/98 MP: 9/9
  6610 | D:8      | Reached skill level 11 in Unarmed Combat
  6662 | D:8      | Found Keiqicko's Antique Armour Shop.
  6670 | D:8      | Bought a glowing kite shield for 202 gold pieces
  6847 | D:8      | Reached skill level 1 in Shields
  6999 | D:8      | Found Bokoruk's Book Boutique.
  7000 | D:8      | Identified the +4 flail of Waeclesa {antimagic, Will+}
  7012 | D:8      | Found a hazy altar of Hepliaklqana.
  7015 | D:8      | Found a bloodstained altar of Trog.
  7015 | D:8      | Found a hazy altar of Hepliaklqana.
  7017 | D:8      | Found a shimmering altar of Xom.
  7017 | D:8      | Found a blossoming altar of Fedhas.
  7017 | D:8      | Found a basalt altar of Yredelemnul.
  7041 | D:8      | Found a broken altar of Ashenzari.
  7041 | D:8      | Found an ornate altar of the Wu Jian Council.
  7056 | D:8      | Found Kueh's Jewellery Boutique.
  7071 | D:8      | Bought an amulet of reflection for 450 gold pieces
  7129 | D:8      | Found Kofrawet's Weapon Boutique.
  7325 | D:9      | Noticed Maurice
  7347 | D:9      | Paralysed by Maurice for 2 turns
  7350 | D:9      | Maurice stole a beast talisman
  7352 | D:8      | Maurice stole 394 gold
  7354 | D:8      | Paralysed by Maurice for 2 turns
  7634 | D:9      | Found a staircase to the Lair.
  7975 | D:10     | Entered Level 10 of the Dungeon
  7975 | D:10     | Noticed a two-headed ogre
  7975 | D:10     | Noticed a two-headed ogre
  8202 | Lair:1   | Entered Level 1 of the Lair of Beasts
  8360 | Lair:1   | Noticed a cane toad
  8361 | Lair:1   | Reached XP level 11. HP: 103/109 MP: 10/10
  8855 | Lair:1   | Noticed Fannar
  8868 | Lair:1   | Killed from afar by Fannar

Illustrated notes

Levels and vault maps discovered:
D:1:      minmay_arrival_plants_in_alcoves, layout_basic
D:2:      layout_rooms, serial_glass, glass_columns_c, glass_columns_b,
          glass_columns_b, glass_columns_a, glass_columns_b, glass_columns_b,
          glass_columns_a, glass_columns_b, nicolae_nh_oracle_at_delphi
D:3:      cheibrodos_helix_gallery, layout_basic, grunt_qazlal_clouds,
          nicolae_sif_muna_condensation, bloody_makhleb, roderic_batcave,
          nicolae_hexahallways
D:4:      layout_basic, nicolae_gozag_cash_rules_everything_around_me,
          lemuel_tele_altar, mainiacjoe_overflow_tiny_flanked, serial_curves,
          eino_curves_03, eino_curves_02, eino_curves_02, eino_curves_04
D:5:      layout_gridville, general_overflow_altar, minmay_temple_entry_slanted,
          minmay_holes, nicolae_shop_sticking_my_neck_out, uniq_duvessa
D:6:      minmay_cornered_nines, layout_basic, mainiacjoe_overflow_alcove_4,
          gammafunk_ghost_abyssal_escape
D:7:      layout_basic, nicolae_ru_path_of_blood, nicolae_ossuary_entry_giza,
          chequers_serial_rivers_micro_d
D:8:      layout_basic, doesnt_xom_only_xom, jmf_multi_god_temple, serial_shops,
          nicolae_shop_tiny_statue_garden, shop, nicolae_shop_real_fake_doors,
          shop, nicolae_shop_stone, kennysheep_crisscross
D:9:      layout_long_grid, minmay_lair_entry_grove, enter_bailey_2,
          uniq_maurice
D:10:     layout_gridville
Temple:   nicolae_temple_bog_church
Lair:1:   layout_loops_ring, chequers_serial_rivers_micro_b, uniq_fannar

Skill      XL: |  1  2  3  4  5  6  7  8  9 10 11 |
---------------+----------------------------------+-----
Fighting       | 1 2 3 4 6 7 |  7.7
Unarmed Combat | 4 5 7 8 10 11 | 11.1
Shapeshifting  | 4 5 6 7 8 |  8.9
Shields        | 3 4 |  4.4
Dodging        | |  1.5

Action                     |  1- 3 |  4- 6 |  7- 9 | 10-12 || total
---------------------------+-------+-------+-------+-------++-------
  Melee: Unarmed           |    86 |   107 |   212 |   206 ||   611
         Punch             |     3 |     3 |    12 |     1 ||    19
  Evoke: Wand              |       |     3 |       |     2 ||     5
    Use: Scroll            |       |     9 |     6 |     7 ||    22
         Potion            |       |       |       |     2 ||     2
   Stab: Sleeping          |     1 |     1 |       |       ||     2
         Paralysed         |       |     6 |       |       ||     6
         Distracted        |       |       |       |     1 ||     1
 Armour: Animal skin       |    47 |    75 |   146 |   126 ||   394
  Dodge: Dodged            |    47 |    47 |    87 |    40 ||   221
  Block: Kite shield       |       |       |       |    86 ||    86
         Reflection        |       |       |       |     1 ||     1

Table legend: (Time is in decaauts)
 A = Elapsed time spent in this place.
 B = Non-inter-level travel time spent in this place.
 C = Inter-level travel time spent in this place.
 D = Time resting spent in this place.
 E = Time spent auto-exploring this place.
 F = Levels seen in this place.
 G = Mean time per level.
                   A        B        C        D        E       F      G
               +--------+--------+--------+--------+--------+-----+--------+
         Total |   8808 |   8029 |    779 |    379 |   6163 |  13 |  677.5 |
       Dungeon |   7954 |   7199 |    755 |    357 |   5530 |  10 |  795.4 |
        Temple |     23 |      1 |     22 |      0 |      0 |   1 |   23.0 |
          Lair |    659 |    659 |      0 |     22 |    524 |   1 |  659.0 |
       Ossuary |    170 |    170 |      0 |      0 |    109 |   1 |  170.0 |
               +--------+--------+--------+--------+--------+-----+--------+

Top non-repeatable levels by time:
     D:4: 1108 daAuts
     D:6: 1103 daAuts
     D:9: 1048 daAuts
     D:7: 1034 daAuts
     D:5: 893 daAuts
     D:3: 839 daAuts
     D:1: 830 daAuts
  Lair:1: 659 daAuts
     D:8: 637 daAuts
     D:2: 458 daAuts
 Ossuary: 170 daAuts
  Temple: 23 daAuts
    D:10: 1 daAuts
